 Dungeon Crawl Stone Soup version 0.19.0-2-gae57169 (webtiles) character file.

618 Quirk the Shield-Bearer (level 7, -5/44 HPs)
             Began as a Gargoyle Fighter on Nov 2, 2016.
             Was an Initiate of Okawaru.
             Slain by an orc warrior
             ... wielding a +0 long sword
              (12 damage)
             ... on level 6 of the Dungeon.
             The game lasted 00:06:24 (3802 turns).

Quirk the Shield-Bearer (Gargoyle Fighter)          Turns: 3802, Time: 00:06:24

Health: -5/44      AC: 13    Str: 26    XL:     7   Next: 45%
Magic:  7/7        EV: 12    Int:  8    God:    Okawaru [......]
Gold:   188        SH: 10    Dex: 10    Spells: 0 memorised, 6 levels left

rFire  . . .     SeeInvis .     u - +3 hand axe
rCold  . . .     Gourm    .     b - +0 scale mail
rNeg   + + .     Faith    .     c - +0 shield
rPois  ∞         Spirit   .     (no helmet)
rElec  +         Reflect  .     (no cloak)
rCorr  .         Harm     .     (no gloves)
MR     .....                    F - +0 pair of boots
Stlth  ..........               (no amulet)
                                L - +3 ring of evasion
                                i - ring of positive energy

@: mighty
A: negative energy resistance 1, electricity resistance, unbreathing,
petrification resistance, rot immunity, AC +4
a: Renounce Religion


You were on level 6 of the Dungeon.
You worshipped Okawaru.
Okawaru was noncommittal.
You were hungry.

You visited 2 branches of the dungeon, and saw 7 of its levels.

You collected 188 gold pieces.

Inventory:

Hand Weapons
 a - a +0 flail
 u - a +3 hand axe (weapon)
Armour
 b - a +0 scale mail (worn)
 c - a +0 shield (worn)
 F - a +0 pair of boots (worn)
Jewellery
 i - a ring of positive energy (left hand)
 v - an uncursed ring of positive energy
 H - an uncursed ring of ice
 L - a +3 ring of evasion (right hand)
Wands
 I - a wand of flame (12/48)
Scrolls
 h - a scroll of fog {unknown}
 m - 2 scrolls of noise {unknown}
 n - a scroll of magic mapping {unknown}
 p - a scroll of blinking {unknown}
 r - a scroll of identify {unknown}
 s - a scroll of enchant weapon {unknown}
 t - a scroll of enchant armour {unknown}
 w - 2 scrolls of fear {unknown}
 y - 6 scrolls of remove curse {unknown}
 A - 2 scrolls of teleportation {unknown}
 D - a scroll of random uselessness {unknown}
 K - a scroll of amnesia {unknown}
Potions
 d - a potion of might
 e - 2 potions of ambrosia {unknown}
 j - 3 potions of magic {unknown}
 k - a potion of brilliance {unknown}
 l - 2 potions of lignification {unknown}
 o - 2 potions of degeneration {unknown}
 x - 4 potions of berserk rage {unknown}
 z - 3 potions of haste {unknown}
 B - 3 potions of curing {unknown}
 C - a potion of cancellation {unknown}
 E - 2 potions of resistance {unknown}
 G - 3 potions of heal wounds {unknown}
Comestibles
 f - 3 bread rations
 g - 7 fruits
 q - a meat ration
 J - a beef jerky


   Skills:
 + Level 4.9 Fighting
 + Level 4.0 Maces & Flails
 + Level 4.8 Armour
 + Level 2.4 Dodging
 + Level 5.3 Shields


You had 6 spell levels left.
You didn't know any spells.

Dungeon Overview and Level Annotations

Branches:
Dungeon (6/15)             Temple (1/1) D:4

Altars:
Ashenzari
Cheibriados
Dithmenos
Elyvilon
Fedhas
Gozag
Hepliaklqana
Kikubaaqudgha
Makhleb
Nemelex Xobeh
Okawaru
Qazlal
Ru
Sif Muna
Trog
Uskayaw
Vehumet
Xom
Yredelemnul
Zin
The Shining One


Innate Abilities, Weirdness & Mutations

You are resistant to torment.
Your stone body is resilient. (AC +4)
You are immune to poison.
You resist negative energy. (rN+)
You are resistant to electric shocks. (rElec)
You can survive without breathing.
You are immune to petrification.
You are immune to rotting.


Message History

The orc warrior hits you with a long sword!
The orc wizard points at you and mumbles some strange words.
You resist with some effort.
Unknown command.
Unknown command.
You hit the orc warrior.
The orc warrior is heavily wounded.
You hit the orc wizard. You block the orc warrior's attack.
The orc wizard barely misses you.
Unknown command.
You closely miss the orc warrior.
The orc warrior is heavily wounded.
You hit the orc wizard.
The orc warrior hits you with a long sword!
* * * LOW HITPOINT WARNING * * *
You block the orc wizard's attack.
Unknown command.
You feel very mighty all of a sudden.
The orc warrior hits you with a long sword!
You die...

.......#########..
#.....# ........
#.....#..........
#.....#..........
#.....#..........
########.....###...###..
#......##......#...###..
#.....o)#......#........
#.....o@'......#.>......
#.....)$#......#..<.....
#.......#......#........
#########......######'##
>.................
...................
...................
...................
...................


You could see an orc warrior and an orc wizard.

Vanquished Creatures
  A phantom (D:4)
  A sky beast (D:4)
  2 crimson imps (D:5)
  2 orc priests
  A bullfrog skeleton (D:5)
  Jessica (D:3)
  An iguana (D:5)
  3 worker ants (D:4)
  7 adders
  2 shadow imps (D:5)
  An ooze (D:4)
  An adder skeleton (D:4)
  A worm (D:2)
  2 dart slugs (D:1)
  A leopard gecko (D:1)
  5 orcs
  6 giant cockroaches
  6 goblins
  4 hobgoblins
  4 jackals (D:1)
  3 kobolds
  A quokka (D:2)
  A ball python (D:1)
  9 bats
  2 frilled lizards
  7 rats
75 creatures vanquished.

Notes
Turn   | Place    | Note
-------+----------+-------------------------------------------
     0 | D:1      | Quirk the Gargoyle Fighter began the quest for the Orb.
     0 | D:1      | Reached XP level 1. HP: 14/14 MP: 1/1
   158 | D:1      | Reached XP level 2. HP: 19/19 MP: 2/2
   326 | D:1      | Reached XP level 3. HP: 23/23 MP: 3/3
   710 | D:2      | Found a faded altar of an unknown god.
   786 | D:2      | Reached skill level 1 in Dodging
  1076 | D:2      | Reached XP level 4. HP: 29/29 MP: 4/4
  1306 | D:3      | Noticed Jessica
  1311 | D:3      | Killed Jessica
  1710 | D:3      | Found a basalt altar of Yredelemnul.
  1716 | D:3      | Reached skill level 4 in Shields
  1842 | D:4      | Noticed a phantom
  1896 | D:4      | Killed a phantom
  1896 | D:4      | Reached XP level 5. HP: 16/33 MP: 5/5
  2140 | D:4      | Noticed a sky beast
  2167 | D:4      | Killed a sky beast
  2167 | D:4      | Reached XP level 6. HP: 29/39 MP: 6/6
  2259 | D:4      | Found a staircase to the Ecumenical Temple.
  2269 | Temple   | Entered the Ecumenical Temple
  2539 | Temple   | Became a worshipper of Warmaster Okawaru
  2890 | D:5      | Entered Level 5 of the Dungeon
  3267 | D:4      | Reached XP level 7. HP: 35/44 MP: 7/7
  3337 | D:5      | Reached skill level 5 in Shields
  3802 | D:6      | Slain by an orc warrior

Skill      XL: |  1  2  3  4  5  6  7 |
---------------+----------------------+-----
Dodging        | 1 2 |  2.4
Maces & Flails | 3 4 |  4.0
Shields        | 4 5 |  5.3
Fighting       | 4 |  4.9
Armour         | 4 |  4.8

Action                   |  1- 3 |  4- 6 |  7- 9 || total
-------------------------+-------+-------+-------++-------
Melee: Flail             |   140 |    93 |       ||   233
       Hand axe          |       |    73 |    61 ||   134
  Use: Potion            |       |       |     1 ||     1
  Eat: Chunk             |     1 |     6 |     2 ||     9
Armor: Scale mail        |   102 |    74 |    33 ||   209
Dodge: Dodged            |    51 |    43 |    19 ||   113
Block: Shield            |   102 |    75 |    28 ||   205
